[Event "Titled Tuesday Blitz June 28 Late 2022"]
[White "Sibilio, Mario"]
[Black "Ricaurte Lopez, Juan Carlos"]
[WhiteFideId "800422"]
[BlackFideId "3600327"]
[WhiteElo "2296"]
[BlackElo "2209"]
[Result "1/2-1/2"]
[Round "11"]
[TimeControl "180+1"]
[Date "2022.06.29"]
[WhiteClock "0:01:28"]
[BlackClock "0:01:18"]

1. c4 e5 2. Nc3 Nf6 3. Nf3 Nc6 4. e4 Bc5 5. h3 d6 6. d3 Nd4 7. Be3 a5 8. g3 c6 9. Bg2 O-O 10. O-O Nxf3+ 11. Qxf3 Nd7 12. Rad1 a4 13. d4 exd4 14. Bxd4 Qb6 15. Bxc5 Qxc5 16. b3 axb3 17. axb3 Ra3 18. Nb1 Ra2 19. Qd3 Qb4 20. Nd2 Ne5 21. Qe3 Rc2 1/2-1/2


[Site "https://www.chess.com"]

[Event "Titled Tuesday Blitz June 28 Late 2022"]
[White "Silva, Miguel Antonio Neto"]
[Black "Capp, Stephen"]
[WhiteFideId "1911929"]
[BlackFideId "2027089"]
[WhiteElo "2204"]
[BlackElo "2138"]
[Result "0-1"]
[Round "11"]
[TimeControl "180+1"]
[Date "2022.06.29"]
[WhiteClock "0:00:03"]
[BlackClock "0:00:15"]

1. e4 c6 2. d4 d5 3. e5 c5 4. Nf3 Bg4 5. c3 cxd4 6. cxd4 Nc6 7. Nc3 e6 8. Be2 Bxf3 9. Bxf3 Nge7 10. Be3 Nf5 11. O-O Be7 12. Qa4 O-O 13. Rfd1 Nxe3 14. fxe3 Bg5 15. Re1 a6 16. Rad1 b5 17. Qc2 Rc8 18. Qf2 Na5 19. e4 dxe4 20. Nxe4 Bh6 21. Nd6 Rc7 22. b3 Nc6 23. g3 Ne7 24. Be4 g6 25. Kg2 Bg7 26. Rc1 Rxc1 27. Rxc1 f6 28. Nb7 Qb8 29. exf6 Bxf6 30. Qe2 Bxd4 31. Bf3 e5 32. a4 Nf5 33. axb5 Ne3+ 34. Kh1 axb5 35. Be4 Qe8 36. Nd6 Qe6 37. Nxb5 Qxb3 38. Nc7 Qb2 39. Qxb2 Bxb2 40. Rb1 Bd4 41. Ne6 Re8 42. Nc7 Rf8 43. h3 Rf1+ 44. Rxf1 Nxf1 45. Ne6 Nxg3+ 46. Kg2 Nxe4 47. Kf3 Nd6 48. Ng5 0-1


[Site "https://www.chess.com"]

[Event "Titled Tuesday Blitz June 28 Late 2022"]
[White "Simonovic, Miroslav"]
[Black "Romanchuk, Viktor"]
[WhiteFideId "919152"]
[BlackFideId "14109271"]
[WhiteElo "2043"]
[BlackElo "2242"]
[Result "0-1"]
[Round "11"]
[TimeControl "180+1"]
[Date "2022.06.29"]
[WhiteClock "0:00:02"]
[BlackClock "0:00:16"]

1. d4 d5 2. Bg5 f6 3. Bh4 Nh6 4. f3 c5 5. c3 cxd4 6. cxd4 Qb6 7. Qd2 Nc6 8. Bf2 e6 9. Nc3 Be7 10. e4 Qa5 11. a3 O-O 12. Bd3 dxe4 13. fxe4 Ng4 14. Nge2 Nxf2 15. Kxf2 Rd8 16. Bc4 Nxd4 17. Nxd4 Qc5 18. Bxe6+ Bxe6 19. Ne2 Bg4 20. Rhd1 Rd7 21. b4 Qb6 22. h3 Bh5 23. g4 Bg6 24. Qe3 Rad8 25. Rd2 a5 26. bxa5 Qxa5 27. Nb3 Qa4 28. Rxd7 Rxd7 29. Nbd4 Bc5 30. Rd1 Qxa3 31. Qxa3 Bxa3 32. Kf3 Bc5 33. Rd2 b6 34. Nb3 Rxd2 35. Nxd2 Kf7 36. Nf4 Ke7 37. Nd5+ Kd6 38. Nc4+ Kc6 39. h4 Bf7 40. Nde3 b5 41. Nd2 Bxe3 42. Kxe3 Kc5 43. Kd3 Bc4+ 44. Kc3 b4+ 45. Kc2 Kd4 46. g5 fxg5 47. hxg5 Be6 48. Kb2 Kd3 49. Nf3 Kxe4 0-1


[Site "https://www.chess.com"]

[Event "Titled Tuesday Blitz June 28 Late 2022"]
[White "So, Wesley"]
[Black "Corrales Jimenez, Fidel"]
[WhiteFideId "5202213"]
[BlackFideId "3506690"]
[WhiteElo "3064"]
[BlackElo "2899"]
[Result "0-1"]
[Round "11"]
[TimeControl "180+1"]
[Date "2022.06.28"]
[WhiteClock "0:00:27"]
[BlackClock "0:00:10"]

1. e4 c5 2. Nf3 d6 3. Bb5+ Nd7 4. a4 Nf6 5. Nc3 g6 6. a5 Bg7 7. O-O a6 8. Be2 O-O 9. d3 b5 10. axb6 Bb7 11. Nd2 Nxb6 12. Nb3 Rb8 13. Be3 Qc7 14. Qd2 e6 15. f4 Nbd7 16. Bf2 d5 17. e5 d4 18. exf6 dxc3 19. bxc3 Bxf6 20. Na5 Bd5 21. Be3 Rfd8 22. Ra3 c4 23. Bf3 Bxf3 24. Rxf3 cxd3 25. cxd3 Nc5 26. d4 Rd5 27. Rf1 Ne4 28. Qd3 Rxa5 29. Rxa5 Qxa5 30. Qxe4 Qxc3 31. Bf2 a5 32. g4 a4 33. f5 exf5 34. gxf5 a3 35. fxg6 hxg6 36. Qf4 Rb6 37. d5 Rb4 38. Qd6 a2 39. Bc5 Rg4+ 40. Kh1 Qf3+ 41. Rxf3 a1=Q+ 42. Bg1 Qxg1# 0-1


[Site "https://www.chess.com"]

[Event "Titled Tuesday Blitz June 28 Late 2022"]
[White "Steinberg, Nitzan"]
[Black "Kamsky, Gata"]
[WhiteFideId "2801795"]
[BlackFideId "2000024"]
[WhiteElo "2868"]
[BlackElo "2934"]
[Result "0-1"]
[Round "11"]
[TimeControl "180+1"]
[Date "2022.06.28"]
[WhiteClock "0:00:01"]
[BlackClock "0:00:06"]

1. e4 e5 2. Nf3 Nc6 3. Bb5 Nf6 4. O-O Nxe4 5. Re1 Nd6 6. Nxe5 Nxe5 7. Rxe5+ Be7 8. Bf1 O-O 9. d4 Bf6 10. Re1 Nf5 11. d5 d6 12. Nd2 Bg5 13. Ne4 Bxc1 14. Qxc1 Bd7 15. Qf4 Qh4 16. Qd2 Qg4 17. h3 Qg6 18. Bd3 Nh4 19. Ng3 Bf5 20. Bf1 Qf6 21. Qf4 g5 22. Qb4 b6 23. Re3 Bg6 24. Rae1 a5 25. Qa3 Qd4 26. c4 Qd2 27. Re7 Rac8 28. b3 Qd4 29. Qc1 h6 30. Rd7 Rfd8 31. Rde7 Kf8 32. R7e3 Re8 33. Ne2 Qf6 34. Nc3 Rxe3 35. Qxe3 Nf5 36. Qd2 Qd4 37. Qc1 Nh4 38. Nb5 Qf6 39. Qe3 Nf5 40. Qd2 Nh4 41. Qe3 Nf5 42. Qf3 Kg7 43. Bd3 Nh4 44. Qxf6+ Kxf6 45. Bxg6 Nxg6 46. g3 Ne5 47. Kg2 h5 48. Re3 g4 49. h4 Ke7 50. Nd4 Kf6 51. Re4 Kg6 52. Rf4 Re8 53. Re4 f5 54. Re3 Re7 55. Kf1 Kf6 56. Ke2 Ng6 57. Re6+ Rxe6+ 58. Nxe6 c6 59. Nc7 c5 60. Na8 f4 61. Nxb6 fxg3 62. fxg3 Ne7 63. Na4 Nf5 64. Kf2 Ke5 65. Nc3 Kd4 66. Ne2+ Ke5 67. Nf4 Nxh4 68. Nxh5 Nf3 69. Nf4 Kd4 70. Ne6+ Kc3 71. Nc7 Kb2 72. Ne8 Kxa2 73. Nxd6 Kxb3 74. Nf7 Kxc4 75. d6 Nd4 76. d7 Ne6 77. d8=Q Nxd8 78. Nxd8 a4 79. Nb7 a3 80. Na5+ Kc3 81. Ke3 a2 0-1


[Site "https://www.chess.com"]

[Event "Titled Tuesday Blitz June 28 Late 2022"]
[White "Svane, Rasmus"]
[Black "Martinez Alcantara, Jose Eduardo"]
[WhiteFideId "4657101"]
[BlackFideId "3805662"]
[WhiteElo "2968"]
[BlackElo "2957"]
[Result "1-0"]
[Round "11"]
[TimeControl "180+1"]
[Date "2022.06.28"]
[WhiteClock "0:00:37"]
[BlackClock "0:00:07"]

1. Nf3 c5 2. c4 Nf6 3. Nc3 d5 4. cxd5 Nxd5 5. e3 Nxc3 6. dxc3 Qc7 7. e4 e6 8. Bd3 Be7 9. Qe2 Nd7 10. O-O b6 11. Rd1 O-O 12. g3 Bb7 13. Bf4 Qc8 14. e5 Rd8 15. Be4 Bxe4 16. Qxe4 Nf8 17. h4 h6 18. Kg2 Rb8 19. a4 Qb7 20. Qxb7 Rxb7 21. Rxd8 Bxd8 22. Rd1 Rd7 23. Rxd7 Nxd7 24. Nd2 Bc7 25. Nc4 a6 26. Kf3 Kf8 27. Ke4 h5 28. b4 cxb4 29. cxb4 Ke7 30. Be3 Kd8 31. Bd4 Ke7 32. b5 axb5 33. axb5 f6 34. f4 f5+ 35. Kd3 Kd8 36. Na3 Kc8 37. Nc2 Nb8 38. Bc3 Nd7 39. Bb4 Kd8 40. Nd4 Nxe5+ 41. fxe5 Bxe5 42. Nxe6+ Kd7 43. Nf4 g5 44. Nxh5 gxh4 45. gxh4 Ke6 46. Bd2 Kf7 47. Nf4 Bf6 48. h5 Kg7 49. Be3 Be5 50. Nd5 Kh7 51. Bxb6 f4 52. Ke4 Bd6 53. Nxf4 Kh6 54. Be3 Be7 55. b6 Bf6 56. Nd5+ Kh7 57. Nxf6+ Kh8 58. Kf5 Kg7 59. b7 Kf7 60. b8=Q Kg7 61. Qg8# 1-0


[Site "https://www.chess.com"]

[Event "Titled Tuesday Blitz June 28 Late 2022"]
[White "Tanenbaum, Zachary"]
[Black "Popilski, Gil"]
[WhiteFideId "2060850"]
[BlackFideId "2809060"]
[WhiteElo "2703"]
[BlackElo "2580"]
[Result "0-1"]
[Round "11"]
[TimeControl "180+1"]
[Date "2022.06.28"]
[WhiteClock "0:00:01"]
[BlackClock "0:00:11"]

1. e4 c5 2. Nf3 d6 3. d4 cxd4 4. Nxd4 Nf6 5. Nc3 a6 6. Be3 e5 7. Nb3 Be6 8. h3 Nc6 9. f4 exf4 10. Bxf4 Ne5 11. Qe2 Be7 12. O-O-O Nfd7 13. Kb1 O-O 14. Qe3 Rc8 15. g4 Qc7 16. g5 b5 17. Nd4 b4 18. Nd5 Bxd5 19. exd5 Rfe8 20. Qg3 Nc5 21. Bxe5 dxe5 22. Nc6 Bd6 23. h4 Qb6 24. Qg4 e4 25. h5 e3 26. g6 Ne4 27. gxf7+ Kxf7 28. Rg1 Bf8 29. Bc4 Qc5 30. Bb3 Kg8 31. Nd4 Nd2+ 32. Ka1 Re4 33. d6+ Nxb3+ 34. Nxb3 Rxg4 35. Nxc5 e2 36. Rde1 Rxg1 37. Rxg1 Rxc5 0-1


[Site "https://www.chess.com"]

[Event "Titled Tuesday Blitz June 28 Late 2022"]
[White "Thiel, Thomas"]
[Black "Colpe, Malte"]
[WhiteFideId "4615964"]
[BlackFideId "24623075"]
[WhiteElo "2250"]
[BlackElo "2328"]
[Result "0-1"]
[Round "11"]
[TimeControl "180+1"]
[Date "2022.06.29"]
[WhiteClock "0:00:30"]
[BlackClock "0:00:28"]

1. e4 e5 2. Nf3 d5 3. d4 dxe4 4. Nxe5 Bd6 5. Nc3 Bxe5 6. dxe5 Qxd1+ 7. Kxd1 Bf5 8. Bc4 Nc6 9. Be3 Nxe5 10. Bd5 O-O-O 11. Kc1 Nf6 12. Rd1 Nfg4 13. Bd4 c6 14. Bb3 f6 15. h3 Nh6 16. g4 Bg6 17. Bxe5 fxe5 18. g5 Nf7 19. Bxf7 Bxf7 20. Nxe4 Bh5 21. Rxd8+ Rxd8 22. b3 Bf3 23. Ng3 Kd7 24. Kb2 Ke6 25. Kc3 e4 26. Re1 Ke5 27. Nxe4 Bxe4 28. f3 Rd4 29. h4 Kf5 30. fxe4+ Rxe4 31. Rf1+ Kg6 32. Rh1 Kh5 33. Rf1 Re7 34. Rf4 g6 35. a4 a5 36. b4 axb4+ 37. Kxb4 b6 38. c4 Re1 39. c5 Rb1+ 40. Kc3 Rc1+ 41. Kd2 Rxc5 42. Rb4 b5 43. a5 Rd5+ 44. Ke3 Rd7 45. Rd4 Ra7 46. Rd6 Rxa5 47. Rxc6 Kxh4 0-1


[Site "https://www.chess.com"]

[Event "Titled Tuesday Blitz June 28 Late 2022"]
[White "Vivas Zamora, Fabian Ernesto"]
[Black "Lauridsen, Jesper Morch"]
[WhiteFideId "3902480"]
[BlackFideId "1401890"]
[WhiteElo "2014"]
[BlackElo "2261"]
[Result "1-0"]
[Round "11"]
[TimeControl "180+1"]
[Date "2022.06.29"]
[WhiteClock "0:00:04"]
[BlackClock "0:00:52"]

1. c4 e6 2. Nf3 d5 3. b3 Nf6 4. Bb2 Be7 5. g3 O-O 6. Bg2 c5 7. e3 Nc6 8. O-O b6 9. cxd5 Nxd5 10. Nc3 Ba6 11. Re1 Ndb4 12. d4 Nd3 13. Re2 cxd4 14. exd4 Nxd4 15. Nxd4 Qxd4 16. Nd5 Qc5 17. Nxe7+ Qxe7 18. Bxa8 Rxa8 19. Rd2 Nc5 20. Qg4 f5 21. Qd4 Ne4 22. Qd7 Qg5 23. Qxe6+ Kh8 24. Rd7 Nc5 25. Rxg7 Qxg7 26. Bxg7+ Kxg7 27. Qxf5 Rf8 28. Qe5+ Kg6 29. Rd1 Bb7 30. Rd6+ Kf7 31. Rf6+ Kg8 32. Rxf8+ Kxf8 33. b4 Nd3 34. Qb8+ 1-0


[Site "https://www.chess.com"]

[Event "Titled Tuesday Blitz June 28 Late 2022"]
[White "Vlassov, Nikolai"]
[Black "Silvestre, Christian"]
[WhiteFideId "4103360"]
[BlackFideId "30956269"]
[WhiteElo "2407"]
[BlackElo "2349"]
[Result "0-1"]
[Round "11"]
[TimeControl "180+1"]
[Date "2022.06.29"]
[WhiteClock "0:00:03"]
[BlackClock "0:00:43"]

1. e4 c6 2. d4 d5 3. e5 a6 4. f4 Bf5 5. Nf3 h6 6. Bd3 Bxd3 7. Qxd3 e6 8. f5 exf5 9. Qxf5 Qd7 10. Qd3 c5 11. O-O Nc6 12. c3 Nge7 13. Be3 Ng6 14. Nbd2 Be7 15. Rf2 c4 16. Qc2 b5 17. Raf1 b4 18. h3 a5 19. Nh2 O-O 20. Ng4 h5 21. Nh2 a4 22. Qd1 a3 23. b3 bxc3 24. Nb1 cxb3 25. Qxb3 Na5 26. Qxc3 Nc4 27. Nd2 Rac8 28. Nxc4 Rxc4 29. Qd3 Qc6 30. Qd1 h4 31. Ng4 Qa4 32. Qf3 Rc3 33. Qf5 Qc6 34. Bg5 Qe6 35. Bxe7 Qxf5 36. Rxf5 Nxe7 37. R5f3 Rxf3 38. Rxf3 Ra8 39. Ne3 Nc6 40. Nxd5 Nxd4 41. Rd3 Ne6 42. Nc3 Nc5 43. Re3 Rb8 44. Nd5 Rb1+ 0-1


[Site "https://www.chess.com"]

[Event "Titled Tuesday Blitz June 28 Late 2022"]
[White "Winkels, Marcel"]
[Black "De Souza, Cristiano Gomes"]
[WhiteFideId "1003887"]
[BlackFideId "2151758"]
[WhiteElo "1900"]
[BlackElo "2068"]
[Result "0-1"]
[Round "11"]
[TimeControl "180+1"]
[Date "2022.06.29"]
[WhiteClock "0:01:23"]
[BlackClock "0:02:11"]

1. e4 c5 2. Nc3 d6 3. f4 a6 4. Nf3 Bg4 5. a3 Nc6 6. Bc4 e6 7. h3 Bxf3 8. Qxf3 Nd4 9. Qd1 Qh4+ 10. Kf1 Qxf4+ 11. Kg1 Qe5 12. d3 g6 13. Ne2 Bh6 14. c3 Nxe2+ 15. Qxe2 Bxc1 16. Rxc1 d5 17. Ba2 dxe4 18. dxe4 Nf6 19. Bb1 Rd8 20. Kf2 Nh5 21. Rhd1 Qg3+ 22. Kg1 O-O 23. e5 Nf4 24. Qe4 Nxh3+ 0-1


[Site "https://www.chess.com"]

[Event "Titled Tuesday Blitz June 28 Late 2022"]
[White "Yaksin, Oleg"]
[Black "Melikhov, Evgeny V."]
[WhiteFideId "24105880"]
[BlackFideId "4122046"]
[WhiteElo "2622"]
[BlackElo "2422"]
[Result "1/2-1/2"]
[Round "11"]
[TimeControl "180+1"]
[Date "2022.06.28"]
[WhiteClock "0:00:03"]
[BlackClock "0:00:07"]

1. d4 Nf6 2. c4 e6 3. Nc3 Bb4 4. e3 b6 5. Ne2 Ba6 6. a3 Bxc3+ 7. Nxc3 d5 8. b3 O-O 9. Bd3 c5 10. dxc5 dxc4 11. bxc4 Nbd7 12. c6 Ne5 13. Be2 Qxd1+ 14. Nxd1 Bxc4 15. Bb2 Nd3+ 16. Bxd3 Bxd3 17. Bxf6 gxf6 18. f3 Rfc8 19. Rc1 Rc7 20. Nb2 Ba6 21. Kf2 Rac8 22. Rhd1 Rxc6 23. Rxc6 Rxc6 24. Rd2 Kf8 25. e4 Ke7 26. a4 b5 27. Ke3 b4 28. f4 Bf1 29. e5 a5 30. Kd4 Rc1 31. Rf2 Ba6 32. h3 Rc3 33. Rd2 fxe5+ 34. fxe5 f6 35. exf6+ Kxf6 36. Rf2+ Ke7 37. Ke5 Re3+ 38. Kd4 Re1 39. Kc5 Re2 40. Rxe2 Bxe2 41. g3 e5 42. Kd5 Kf6 43. Ke4 Ke6 44. Ke3 Ba6 45. Ke4 Bb7+ 46. Ke3 Kd5 47. g4 Ba6 48. h4 h6 49. g5 hxg5 50. hxg5 Ke6 51. Ke4 Bb7+ 52. Ke3 Kf5 53. Nc4 Bc6 54. Nxa5 Bxa4 55. Nc4 Bb3 56. Nd2 Bd5 57. g6 Kxg6 58. Kd3 Kf5 59. Nf1 e4+ 60. Kd4 b3 61. Ne3+ Kf4 62. Nxd5+ Kf3 63. Nc3 b2 64. Nb1 e3 65. Kd3 e2 66. Nd2+ Kf2 67. Ne4+ Ke1 68. Kc2 Kf1 69. Ng3+ Kf2 70. Nxe2 b1=Q+ 71. Kxb1 1/2-1/2


[Site "https://www.chess.com"]

[Event "Titled Tuesday Blitz June 28 Late 2022"]
[White "Yoo, Christopher Woojin"]
[Black "Keymer, Vincent"]
[WhiteFideId "30909694"]
[BlackFideId "12940690"]
[WhiteElo "2987"]
[BlackElo "2904"]
[Result "0-1"]
[Round "11"]
[TimeControl "180+1"]
[Date "2022.06.28"]
[WhiteClock "0:00:06"]
[BlackClock "0:00:14"]

1. d4 Nf6 2. c4 e6 3. Nc3 Bb4 4. Qb3 a5 5. a3 Bxc3+ 6. Qxc3 a4 7. Bg5 h6 8. Bh4 d6 9. e3 Nbd7 10. Bd3 b6 11. Ne2 Bb7 12. f3 c5 13. O-O O-O 14. e4 e5 15. d5 Nxd5 16. Bxd8 Nxc3 17. Nxc3 Rfxd8 18. Bc2 Bc6 19. Rfd1 Nf8 20. Nd5 Bxd5 21. exd5 g6 22. h4 Kg7 23. Kf2 h5 24. g4 hxg4 25. fxg4 Nd7 26. Kg3 Rdb8 27. Bd3 Re8 28. Rf1 e4 29. Be2 Re5 30. Rae1 f6 31. Bd1 Ra5 32. Rf2 b5 33. cxb5 Nb6 34. Ref1 Nxd5 35. Be2 Ne3 36. Rc1 c4 37. Bxc4 Rc5 38. g5 f5 39. h5 gxh5 40. b6 Nxc4 41. b7 Rab5 42. Rfc2 d5 43. Kf4 Rxb7 44. Rh2 Kg6 45. Rch1 Rh7 46. Rc2 d4 47. Rhc1 Rhc7 48. Rh2 d3 49. Rch1 Rh7 50. Rc1 d2 51. Rxd2 Nxd2 52. Rxc5 Rf7 53. Rc6+ Kg7 54. Rh6 Nc4 55. Rxh5 Nxb2 56. Rh6 Nd3+ 57. Ke3 Ne5 58. Kf4 Ng6+ 59. Ke3 Rd7 60. Rh1 Rd3+ 61. Kf2 f4 62. Rb1 Ne5 63. Rb5 Ng4+ 64. Ke2 f3+ 65. Ke1 f2+ 66. Ke2 Re3+ 67. Kd2 f1=Q 0-1


[Site "https://www.chess.com"]

[Event "Titled Tuesday Blitz June 28 Late 2022"]
[White "Zhigalko, Sergei"]
[Black "Papp, Levente"]
[WhiteFideId "13502956"]
[BlackFideId "751243"]
[WhiteElo "2810"]
[BlackElo "2620"]
[Result "1-0"]
[Round "11"]
[TimeControl "180+1"]
[Date "2022.06.28"]
[WhiteClock "0:02:04"]
[BlackClock "0:01:19"]

1. e4 e6 2. d4 d5 3. e5 c5 4. c3 Nc6 5. Nf3 Bd7 6. Be2 Rc8 7. O-O a6 8. dxc5 Bxc5 9. c4 Nge7 10. Nc3 Qa5 11. Bd2 Qd8 12. Bf4 Qa5 13. a3 dxc4 14. Bxc4 Ng6 15. Bg3 Qc7 16. Ne4 O-O 17. Nxc5 1-0


[Site "https://www.chess.com"]

[Event "Titled Tuesday Blitz June 28 Late 2022"]
[White "Zhu, Jiner"]
[Black "Mortazavi, Ali"]
[WhiteFideId "8608059"]
[BlackFideId "401323"]
[WhiteElo "2663"]
[BlackElo "2535"]
[Result "0-1"]
[Round "11"]
[TimeControl "180+1"]
[Date "2022.06.28"]
[WhiteClock "0:00:19"]
[BlackClock "0:01:17"]

1. e4 c6 2. d4 d5 3. e5 Bf5 4. Nf3 e6 5. Be2 Ne7 6. O-O Ng6 7. Be3 Nd7 8. Nbd2 f6 9. exf6 Qxf6 10. Nb3 Bd6 11. c3 O-O 12. Qd2 Rae8 13. Rae1 h6 14. Nc1 e5 15. dxe5 Ndxe5 16. Nxe5 Qxe5 17. g3 Bh3 18. Bd3 Bxf1 19. Rxf1 Qf6 20. Bxa7 Ne5 21. f4 Nxd3 22. Qxd3 Re4 23. c4 Rxc4 24. b3 Bc5+ 25. Bxc5 Rxc5 26. Ne2 Re8 27. Rf2 Qa1+ 28. Kg2 Qxa2 29. f5 Rc2 30. Kf1 Rcxe2 31. Rxe2 Rxe2 32. Qxe2 Qxe2+ 33. Kxe2 c5 34. g4 Kf7 35. h4 Kf6 36. Kf3 h5 0-1